 Dungeon Crawl Stone Soup version bcrawl-1.31.4 (webtiles) character file.

Game seed: 2267577388881753964

145674 Morbidden the Sneak (level 3, 0/26 HPs)
             Began as a Demonspawn Archaeologist on June 19, 2021.
             Slain by a worm (7 damage)
             ... on level 2 of the Dungeon.
             The game lasted 00:01:00 (968 turns).

Morbidden the Sneak (Demonspawn Archaeologist)       Turns: 968, Time: 00:01:00

Health: 0/26       AC:  6    Str: 12    XL:     3   Next: 57%
Magic:  3/3        EV: 13    Int: 15    God:
Gold:   77         SH:  0    Dex: 11    Spells: 2/2 levels left

rFire    . . .     SeeInvis .   a - +0 whip
rCold    + . .     Gourm    .   (no shield)
rNeg     . . .     Faith    .   c - +1 robe
rPois    .         Spirit   .   d - +1 hat
rElec    .         Reflect  .   (no cloak)
rCorr    .         Harm     .   (no gloves)
MR       .....                  o - +1 pair of boots
Stlth    ++........             (no amulet)
HPRegen  0.08/turn              (no ring)
MPRegen  0.08/turn              (no ring)

@: no status effects
A: cold resistance 1, powered by pain 1
a: no special abilities


You were on level 2 of the Dungeon.
You were hungry.

You visited 1 branch of the dungeon, and saw 2 of its levels.

You collected 77 gold pieces.

Inventory:

Hand Weapons
 a - a +0 whip (weapon)
 b - a +0 blowgun
Missiles
 f - 6 curare-tipped needles
 p - 111 poisoned needles
Armour
 c - a +1 robe (worn)
 d - a +1 hat (worn)
 o - a +1 pair of boots (worn)
Scrolls
 g - a scroll of magic mapping
 i - a scroll of identify
 l - a scroll of remove curse {unknown}
 m - a scroll of noise {unknown}
 n - 2 scrolls of fog {unknown}
Potions
 j - a potion of ambrosia {unknown}
 q - a potion of brilliance {unknown}
Miscellaneous
 h - a dusty tome
Comestibles
 e - 2 rations {!d}
 k - 7 chunks of flesh


   Skills:
 * Level 1.3 Fighting
 + Level 1.3 Maces & Flails
 * Level 3.3 Dodging
 + Level 3.8 Stealth


You had 2 spell levels left.
You didn't know any spells.
Your spell library was empty.

Dungeon Overview and Level Annotations

Branches:
Dungeon (2/12)

Altars:


Innate Abilities, Weirdness & Mutations

Your flesh is cold resistant. (rC+)
You sometimes gain a little power by taking damage.


Message History

The worm is almost dead.
You are feeling hungry.
The bat misses you. The goblin misses you.
The worm bites you but does no damage.
You hit the worm.
You kill the worm!
The bat hits you but does no damage. The goblin hits you but does no damage.
You hit the worm.
The worm is lightly wounded.
The bat hits you. The goblin barely misses you.
You barely miss the worm.
The worm is lightly wounded.
The worm bites you.
* * * LOW HITPOINT WARNING * * *
The goblin hits you but does no damage.
You hit the worm.
The worm is moderately wounded.
The bat closely misses you. The goblin hits you but does no damage.
The worm bites you!
You die...

. ...............######
#.#.####.....(.........
.#.##.#.##.#....#....(....<
........รท.......#...#####.#
.#.##.#.##.....##...# #.#
#.##.#.##.#..###...#####.#
...........................
..........b.........#####.#
.#<##.#.##@#..####.........
# #.#...wg..# ##..######
............# #### ##
##..###.#...# #. #.. #)#...#
## #.. #.#...# .. #.# ..#
.P#. ..# ..# ## ## .


You could see a worm, a goblin and a bat.

Vanquished Creatures
  An adder (D:2)
  A worm (D:2)
  3 leopard geckos (D:1)
  An orc (D:2)
  2 giant cockroaches (D:1)
  5 goblins
  3 hobgoblins (D:1)
  2 jackals (D:1)
  3 kobolds (D:1)
  2 ball pythons
  3 bats
  A frilled lizard (D:1)
  4 rats
31 creatures vanquished.

Notes
Turn   | Place    | Note
-------+----------+-------------------------------------------
     0 | D:1      | Morbidden the Demonspawn Archaeologist began the quest for
                  | the Orb.
     0 | D:1      | Reached XP level 1. HP: 15/15 MP: 1/1
   159 | D:1      | Gained mutation: Your flesh is cold resistant. (rC+)
                  | [demonic ancestry]
   159 | D:1      | Reached XP level 2. HP: 21/21 MP: 2/2
   380 | D:1      | Reached skill level 1 in Maces & Flails
   627 | D:1      | Gained mutation: You sometimes gain a little power by
                  | taking damage. [demonic ancestry]
   627 | D:1      | Reached XP level 3. HP: 24/26 MP: 3/3
   968 | D:2      | Slain by a worm

Skill      XL: |  1  2 |
---------------+-------+-----
Dodging        | 3 |  3.3
Maces & Flails | 1 |  1.3
Fighting       | |  1.3
Stealth        | |  3.8

Action                   || total
-------------------------++-------
Melee: Whip              ||   147
 Stab: Sleeping          ||     5
  Eat: Chunk             ||     4
Armor: Robe              ||    53
Dodge: Dodged            ||   126
